 Dungeon Crawl Stone Soup version 0.29.1-1-gd02db6906a (webtiles) character file.

Game seed: 12341127762676267855

3 FallenXxXSky the Covert (level 1, -2/23 HPs)
             Began as a Gnoll Delver on Oct 16, 2022.
             Slain by an ufetubus (3 damage)
             ... on level 3 of the Dungeon.
             The game lasted 00:01:02 (143 turns).

FallenXxXSky the Covert (Gnoll Delver)               Turns: 143, Time: 00:01:03

Health: -2/23      AC:  5    Str: 11    XL:     1   Next: 50%
Magic:  1/1        EV: 11    Int:  9    God:
Gold:   16         SH:  0    Dex: 13    Spells: 0/0 levels left

rFire   . . .      SeeInvis .   a - +0 mace
rCold   . . .      Faith    .   (no shield)
rNeg    . . .      Spirit   .   h - +0 ring mail
rPois   .          Reflect  .   (no helmet)
rElec   .          Harm     .   (no cloak)
rCorr   .          Rampage  .   (no gloves)
Will    .....                   (no boots)
Stlth   +++.......              (no amulet)
HPRegen 0.07/turn               (no ring)
MPRegen 0.07/turn               (no ring)

@: brilliant, hasted, very quick
A: fangs 1, strong nose, distributed training
a: no special abilities


You were on level 3 of the Dungeon.
You visited 1 branch of the dungeon, and saw 3 of its levels.

You collected 16 gold pieces.

Inventory:

Hand Weapons
 a - a +0 mace (weapon)
Armour
 h - a +0 ring mail (worn)
Wands
 b - a wand of polymorph (4)
 g - a wand of digging (3)
Scrolls
 c - a scroll of fog
 d - a scroll of magic mapping
 e - a scroll of fear
 j - a scroll of teleportation {unknown}


   Skills:
 + Level 6.4 Fighting
 + Level 0.0 Short Blades
 + Level 0.0 Long Blades
 + Level 0.0 Axes
 + Level 4.4 Maces & Flails
 + Level 0.0 Polearms
 + Level 0.0 Staves
 + Level 0.0 Ranged Weapons
 + Level 0.0 Throwing
 + Level 0.0 Armour
 + Level 4.4 Dodging
 + Level 9.5 Stealth
 + Level 0.0 Shields
 + Level 0.0 Unarmed Combat
 + Level 0.0 Spellcasting
 + Level 0.0 Conjurations
 + Level 0.0 Hexes
 + Level 0.0 Summonings
 + Level 0.0 Necromancy
 + Level 0.0 Translocations
 + Level 0.0 Transmutations
 + Level 0.0 Fire Magic
 + Level 0.0 Ice Magic
 + Level 0.0 Air Magic
 + Level 0.0 Earth Magic
 + Level 0.0 Poison Magic
 + Level 0.1 Invocations
 + Level 0.0 Evocations


You couldn't memorise any spells.
You didn't know any spells.
Your spell library was empty.

Dungeon Overview and Level Annotations

Branches:
Dungeon (5/15)
 Temple: D:4-7

Altars:


Innate Abilities, Weirdness & Mutations

You have very sharp teeth.
Your uncanny sense of smell can sniff out nearby items.
Your experience applies equally to all skills.


Message History

* * * LOW HITPOINT WARNING * * *
The orc hits you but does no damage. The ufetubus barely misses you.
The ufetubus misses you. The orc hits you with a +0 falchion.
* * * LOW HITPOINT WARNING * * *
The ufetubus hits you but does no damage.
The ufetubus misses you. The orc attacks as you move away!
The orc hits you but does no damage.
A dart slug comes into view.
The ufetubus attacks as you move away! The ufetubus closely misses you.
The ufetubus hits you.
* * * LOW HITPOINT WARNING * * *
The dart slug barely misses you.
The ufetubus hits you but does no damage.
The ufetubus hits you.
* * * LOW HITPOINT WARNING * * *
There is an escape hatch in the ceiling here.
The ufetubus barely misses you. x2
A mysterious force pulls you upwards. The hatch slams shut behind you.
It was a potion of brilliance.
You feel clever all of a sudden.
The ufetubus hits you but does no damage.
The ufetubus barely misses you. The ufetubus closely misses you. x2
You feel yourself speed up.
The ufetubus hits you but does no damage. x2
The dart slug barely misses you.
You hit the dart slug but do no damage.
The ufetubus hits you but does no damage. x2
The dart slug barely misses you.
You hit the dart slug but do no damage. You bite the dart slug.
The dart slug is moderately wounded.
The ufetubus hits you.
* * * LOW HITPOINT WARNING * * *
The ufetubus closely misses you. The ufetubus hits you.
* * * LOW HITPOINT WARNING * * *
The ufetubus barely misses you.
You sock the dart slug!
You kill the dart slug!
The ufetubus hits you.
You die...

∆
#########
......†@#
#######5.#
##.# .# ..
.#. .## .#


You could see an ufetubus.

Vanquished Creatures
  A dart slug (D:3)
  An orc (D:4)
  A giant cockroach (D:4)
3 creatures vanquished.

Notes
Turn   | Place    | Note
-------+----------+-------------------------------------------
     0 | D:5      | Reached skill level 9 in Stealth
     0 | D:5      | FallenXxXSky the Gnoll Delver began the quest for the Orb.
     0 | D:5      | Reached XP level 1. HP: 23/23 MP: 1/1
    43 | D:4      | Noticed a jelly
   114 | D:4      | Noticed an iguana
   142 | D:3      | HP: 1/23 [ufetubus (1)]
   143 | D:3      | Slain by an ufetubus

Illustrated notes

Levels and vault maps discovered:
D:3:      layout_basic
D:4:      layout_gridville, makhleb_altar_promises_db
D:5:      layout_basic, lemuel_round_altar, minmay_temple_entry_poolview,
          serial_shops, nicolae_shop_overgrown_old_shop, nicolae_shop_fire_sale
          [nicolae_sub_dead_trees], minmay_hollow_rounded_squares,
          uniq_eustachio, uniq_grinder

Skill      XL: | |
---------------+-+-----
Stealth        | |  9.5
Fighting       | |  6.4
Maces & Flails | |  4.4
Dodging        | |  4.4
Invocations    | |  0.1

Action                   || total
-------------------------++-------
Melee: Mace              ||    12
       Bite              ||     1
  Use: Potion            ||     2
 Stab: Sleeping          ||     1
Armor: Ring mail         ||    19
Dodge: Dodged            ||    35
